[Event "Titled Tuesday Blitz March 08 Early 2022"]
[White "Nakamura, Hikaru"]
[Black "Yuan, Qingyu"]
[WhiteFideId "2016192"]
[BlackFideId "8609772"]
[WhiteElo "2850"]
[BlackElo "2359"]
[Result "1-0"]
[Round "04"]
[TimeControl "180+1"]
[Date "2022.03.08"]
[WhiteClock "0:01:49"]
[BlackClock "0:00:03"]

1. Nf3 d5 2. b3 c5 3. e3 Nc6 4. Bb2 f6 5. d4 e6 6. Bd3 Bd6 7. c4 Nge7 8. a3 cxd4 9. Nxd4 Nxd4 10. exd4 O-O 11. O-O b6 12. Re1 Qc7 13. Qh5 g6 14. Qh4 Nf5 15. Bxf5 exf5 16. Nc3 dxc4 17. Nb5 Qd7 18. Nxd6 Qxd6 19. bxc4 Bb7 20. d5 Rf7 21. Re6 Qf8 22. Rae1 g5 23. Qd4 Rd8 24. h4 h6 25. Rxf6 Rxf6 26. Qxf6 Qxf6 27. Bxf6 Rd7 28. hxg5 hxg5 29. Bxg5 b5 30. cxb5 Bxd5 31. Rd1 Kf7 32. Be3 Ke6 33. f3 Rb7 34. a4 Bb3 35. Rd4 Ke5 36. Rb4 Bd5 37. Kf2 a6 38. b6 Rd7 39. Rd4 Ke6 40. a5 Rf7 41. Bf4 Rd7 42. Bc7 Rg7 43. Rxd5 Kxd5 44. b7 Rg8 45. b8=Q Rxb8 46. Bxb8 1-0


[Site "https://www.chess.com"]

[Event "Titled Tuesday Blitz March 08 Early 2022"]
[White "Nasuta, Grzegorz"]
[Black "Buscar, Michael"]
[WhiteFideId "1141686"]
[BlackFideId "2603616"]
[WhiteElo "2396"]
[BlackElo "2010"]
[Result "1-0"]
[Round "04"]
[TimeControl "180+1"]
[Date "2022.03.09"]
[WhiteClock "0:00:29"]
[BlackClock "0:00:11"]

1. e4 c5 2. Nc3 e6 3. Nge2 d5 4. exd5 exd5 5. d4 Nf6 6. Bg5 Be6 7. g3 Nc6 8. Bg2 c4 9. O-O Be7 10. Nf4 O-O 11. Re1 Bg4 12. Qd2 h6 13. Bxf6 Bxf6 14. Nfxd5 Bxd4 15. Re4 Bxc3 16. Qxc3 Be6 17. Nf4 Bf5 18. Rxc4 Na5 19. Rc5 Rc8 20. Qxa5 b6 21. Rxc8 Qxc8 22. Qd2 Rd8 23. Nd3 Qc4 24. b3 Qd4 25. Re1 Rc8 26. h4 Bg6 27. Rd1 Qf6 28. Nb4 a5 29. Nd5 Qb2 30. Ne7+ 1-0


[Site "https://www.chess.com"]

[Event "Titled Tuesday Blitz March 08 Early 2022"]
[White "Nazari, Arad"]
[Black "Chernomordik, Pavel"]
[WhiteFideId "12577324"]
[BlackFideId "2804530"]
[WhiteElo "2120"]
[BlackElo "2249"]
[Result "1-0"]
[Round "04"]
[TimeControl "180+1"]
[Date "2022.03.09"]
[WhiteClock "0:00:24"]
[BlackClock "0:00:11"]

1. e4 g6 2. d4 Bg7 3. Nc3 d6 4. f4 a6 5. Nf3 b5 6. Bd3 Nd7 7. Ne2 c5 8. c3 Bb7 9. a4 Qb6 10. axb5 axb5 11. Rxa8+ Bxa8 12. Be3 Ngf6 13. O-O Bxe4 14. Bxe4 Nxe4 15. dxc5 dxc5 16. Qd5 Nef6 17. Qa8+ Qd8 18. Qxd8+ Kxd8 19. Ng5 Rf8 20. Ra1 Kc7 21. b4 Nd5 22. Ra7+ Kc6 23. Bd2 cxb4 24. cxb4 N7b6 25. Nxh7 Ra8 26. Rxa8 Nxa8 27. Ng5 f5 28. Ne6 Bb2 29. Nf8 Nab6 30. Nxg6 Nc4 31. Be1 Nce3 32. Ne5+ Kd6 33. Nd3 Bf6 34. h4 Nc2 35. Bf2 Kc6 36. h5 Ncxb4 37. Nxb4+ Nxb4 38. h6 Kd5 39. h7 Nd3 40. Bd4 e5 41. fxe5 Nxe5 42. Kf1 b4 43. Bb2 b3 44. Nf4+ Kc4 45. Ng6 Nxg6 46. Bxf6 Kd3 47. h8=Q Nxh8 48. Bxh8 Kc2 49. Kf2 b2 50. Bxb2 Kxb2 51. Ke3 Kc3 52. Kf4 Kd4 53. Kxf5 Kd5 54. g4 1-0


[Site "https://www.chess.com"]

[Event "Titled Tuesday Blitz March 08 Early 2022"]
[White "Necula, Iulian"]
[Black "Shukhman, Anna"]
[WhiteFideId "1232380"]
[BlackFideId "54180058"]
[WhiteElo "1776"]
[BlackElo "1665"]
[Result "0-1"]
[Round "04"]
[TimeControl "180+1"]
[Date "2022.03.09"]
[WhiteClock "0:00:27"]
[BlackClock "0:00:34"]

1. b4 e5 2. Bb2 Bxb4 3. Bxe5 Nf6 4. c3 Be7 5. d4 O-O 6. Bxf6 Bxf6 7. Nf3 d5 8. e3 c5 9. Bd3 Nc6 10. O-O Re8 11. Nbd2 cxd4 12. cxd4 Nb4 13. Bb5 Bd7 14. Be2 Bf5 15. a3 Nc6 16. h3 Rc8 17. Re1 Be7 18. Nf1 Bd6 19. Qb3 Na5 20. Qa4 a6 21. Rec1 b5 22. Qd1 Nc4 23. Bxc4 dxc4 24. Qd2 a5 25. Ng3 Bd3 26. Rc3 Bg6 27. Re1 b4 28. axb4 axb4 29. Rcc1 c3 30. Qa2 Bxg3 31. fxg3 Be4 32. Ne5 Bd5 33. Qf2 b3 34. Rf1 b2 35. Rb1 f6 36. Ng4 Be4 37. Rxb2 cxb2 38. Qxb2 Rc2 39. Qb3+ Qd5 40. Qxd5+ Bxd5 41. Re1 Rxg2+ 42. Kf1 Rxg3 43. Nf2 Rexe3 44. Rxe3 Rxe3 45. h4 g5 46. hxg5 fxg5 47. Ng4 Rf3+ 48. Ke1 h5 49. Ne5 Re3+ 50. Kd2 Rxe5 51. dxe5 h4 52. Ke3 h3 53. e6 h2 54. Kf2 h1=Q 55. e7 Kf7 56. e8=Q+ Kxe8 0-1


[Site "https://www.chess.com"]

[Event "Titled Tuesday Blitz March 08 Early 2022"]
[White "Neiksans, Arturs"]
[Black "Aldokhin, Ivan"]
[WhiteFideId "11601388"]
[BlackFideId "24115720"]
[WhiteElo "2447"]
[BlackElo "2231"]
[Result "1-0"]
[Round "04"]
[TimeControl "180+1"]
[Date "2022.03.08"]
[WhiteClock "0:01:00"]
[BlackClock "0:00:01"]

1. e4 c5 2. Nf3 e6 3. g3 Nf6 4. e5 Nd5 5. Bg2 Nc6 6. O-O d6 7. d4 cxd4 8. exd6 Bxd6 9. Nxd4 Nxd4 10. Qxd4 O-O 11. c4 Nf6 12. Nc3 e5 13. Qh4 Be7 14. Rd1 Qb6 15. Bg5 Qxb2 16. Ne4 Bf5 17. Nxf6+ gxf6 18. Bxf6 Bxf6 19. Qxf6 Bc2 20. Re1 Rfe8 21. Bd5 Bg6 22. Rab1 Qc3 23. Re3 Qd4 24. Rxb7 Qd1+ 25. Kg2 Rf8 26. Rxe5 Rad8 27. Qf4 Rxd5 28. cxd5 Bd3 29. h4 1-0


[Site "https://www.chess.com"]

[Event "Titled Tuesday Blitz March 08 Early 2022"]
[White "Nguyen Hong Nhung"]
[Black "Talibov, Shiroghlan"]
[WhiteFideId "12412201"]
[BlackFideId "13429078"]
[WhiteElo "1661"]
[BlackElo "2070"]
[Result "0-1"]
[Round "04"]
[TimeControl "180+1"]
[Date "2022.03.09"]
[WhiteClock "0:01:57"]
[BlackClock "0:02:22"]

1. e4 c5 2. Nf3 Nc6 3. d4 cxd4 4. Nxd4 Nf6 5. Nc3 e6 6. Be3 Bb4 7. Qf3 Qa5 8. Nxc6 Bxc3+ 9. Kd1 dxc6 10. bxc3 Qxc3 11. Rb1 e5 12. h3 Be6 13. Bd3 Rd8 14. Ke2 Bc4 15. Rhd1 Qxc2+ 16. Rd2 Bxd3+ 17. Ke1 Qxb1+ 18. Rd1 Qb4+ 19. Bd2 Qxe4+ 20. Qxe4 Nxe4 21. Bb4 c5 22. Ba3 Bb5 23. Rc1 Ba4 24. f3 Rd1+ 25. Rxd1 Bxd1 26. Kxd1 Nc3+ 27. Kc2 Nxa2 28. Bxc5 b6 29. Bd6 a5 30. Bxe5 f6 31. Bd4 Nb4+ 32. Kb3 Kd7 33. Bxb6 Rb8 34. Bxa5 Nc6+ 35. Ka4 Ra8 36. Kb5 Rxa5+ 37. Kb6 Ra2 38. g4 Rg2 39. h4 Rg3 40. h5 Rxf3 41. h6 gxh6 42. Kb7 f5 43. Ka8 fxg4 44. Kb7 g3 45. Ka8 g2 46. Kb7 Rb3+ 47. Ka8 Rb8# 0-1


[Site "https://www.chess.com"]

[Event "Titled Tuesday Blitz March 08 Early 2022"]
[White "Nozdrachev, Leonid"]
[Black "Karolczuk, Iwo"]
[WhiteFideId "24113433"]
[BlackFideId "21816972"]
[WhiteElo "2118"]
[BlackElo "2243"]
[Result "1/2-1/2"]
[Round "04"]
[TimeControl "180+1"]
[Date "2022.03.09"]
[WhiteClock "0:00:04"]
[BlackClock "0:00:04"]

1. e4 e5 2. Nf3 Nc6 3. Bb5 a6 4. Ba4 Nf6 5. O-O Be7 6. Bxc6 dxc6 7. Re1 Nd7 8. d4 exd4 9. Qxd4 O-O 10. Nc3 Nc5 11. Be3 Ne6 12. Qc4 Qe8 13. Rad1 b5 14. Qe2 Bb7 15. Nd4 Bf6 16. e5 Bxe5 17. Nxe6 Qxe6 18. Bc5 Rfe8 19. Qh5 g6 20. Qf3 Qf6 21. h3 Qxf3 22. gxf3 a5 23. Rd7 Bc8 24. Rxc7 Bh2+ 25. Kxh2 Rxe1 26. Ne4 Bf5 27. Nf6+ Kg7 28. Bd4 Kf8 29. Bc5+ Kg7 30. Bd4 Re6 31. Ng4+ Kf8 32. Nh6 Bxc2 33. Rxf7+ Ke8 34. Rxh7 Rd8 35. Bc5 Rf6 36. Re7+ Kf8 37. Re2+ Kg7 38. Ng4 Bd1 39. Re3 Rxf3 40. Re6 Rf7 41. Bb6 Rd2 42. Bxa5 Rxb2 43. Bc3+ Kh7 44. Bxb2 Bxg4 45. hxg4 Rxf2+ 46. Kg3 Rxb2 47. Rxc6 Rxa2 48. Rb6 Rb2 49. Kf4 Kg7 50. Kg5 b4 51. Rb7+ Kf8 52. Kxg6 b3 53. g5 Rb1 54. Rb8+ Ke7 55. Kg7 b2 56. g6 Kd7 57. Rb3 Ke7 58. Rb6 Kd7 59. Kg8 Kc7 60. Rb3 Kc6 61. g7 Kc5 62. Rb7 Kc4 63. Kf8 Rf1+ 64. Rf7 Rxf7+ 65. Kxf7 b1=Q 66. g8=Q Qf1+ 67. Ke7+ Kc3 68. Qe6 Qd3 69. Qe5+ Qd4 70. Qe6 Qc4 71. Qd6 Qb4 72. Kd7 Qxd6+ 73. Kxd6 1/2-1/2


[Site "https://www.chess.com"]

[Event "Titled Tuesday Blitz March 08 Early 2022"]
[White "Odegov, Artem"]
[Black "Nguyen, Thi Minh Oanh"]
[WhiteFideId "34183644"]
[BlackFideId "12404080"]
[WhiteElo "2286"]
[BlackElo "1825"]
[Result "1-0"]
[Round "04"]
[TimeControl "180+1"]
[Date "2022.03.09"]
[WhiteClock "0:00:26"]
[BlackClock "0:00:42"]

1. d4 d5 2. c4 c6 3. Nf3 Nf6 4. Nc3 e6 5. Bg5 h6 6. Bh4 dxc4 7. e4 g5 8. Bg3 b5 9. Be2 b4 10. Na4 Nxe4 11. Be5 f6 12. Qc2 fxe5 13. Qxe4 exd4 14. Qg6+ Ke7 15. Bxc4 Qd6 16. O-O Nd7 17. Rae1 Nb6 18. Nxb6 axb6 19. Bxe6 Bxe6 20. Nxd4 Kd7 21. Rxe6 Qc5 22. Qf7+ Be7 23. Nf5 Rae8 24. Rd1+ Kc7 25. Rxe7+ Rxe7 26. Nxe7 Kb8 27. Qf6 Re8 28. Nxc6+ Ka8 29. h3 Rc8 30. Ne5 Kb7 31. Rd7+ Ka6 32. Nf3 Rc6 33. Qd4 Qc1+ 34. Qd1 Kb5 35. Rd5+ Ka6 36. Qxc1 Rxc1+ 37. Kh2 Ra1 38. Rd4 Ka5 39. a3 bxa3 40. bxa3 Rxa3 41. Rd6 Ra2 42. Rxh6 Rxf2 43. Rg6 b5 44. Rxg5 Ka4 45. Rg8 b4 46. Ra8+ Kb5 47. h4 Re2 48. Nd4+ 1-0


[Site "https://www.chess.com"]

[Event "Titled Tuesday Blitz March 08 Early 2022"]
[White "Oganian, Miran"]
[Black "Suder, Jakub"]
[WhiteFideId "4122488"]
[BlackFideId "1195310"]
[WhiteElo "2357"]
[BlackElo "2058"]
[Result "0-1"]
[Round "04"]
[TimeControl "180+1"]
[Date "2022.03.09"]
[WhiteClock "0:00:01"]
[BlackClock "0:00:14"]

1. e4 c5 2. Nf3 e6 3. c3 Nf6 4. e5 Nd5 5. d4 cxd4 6. cxd4 d6 7. Bc4 Nb6 8. Bb3 Bd7 9. O-O Bc6 10. Nc3 N8d7 11. Bf4 dxe5 12. dxe5 Nc5 13. Bc2 Be7 14. Qe2 Nd5 15. Bd2 Nxc3 16. Bxc3 O-O 17. Rad1 Qb6 18. Nd4 Bd5 19. f4 Rad8 20. Kh1 f5 21. exf6 Bxf6 22. b4 Na6 23. Qh5 g6 24. Bxg6 Rd7 25. Bb1 Rg7 26. Rf2 Nxb4 27. Rb2 a5 28. a3 Qc7 29. Nb5 Qxf4 30. h3 Bxc3 31. Nxc3 Bc6 32. axb4 axb4 33. Na2 b3 34. Nc3 Qg3 35. Kg1 Qxc3 0-1


[Site "https://www.chess.com"]

[Event "Titled Tuesday Blitz March 08 Early 2022"]
[White "Omariev, Maksim"]
[Black "Marcinczyk, Monika"]
[WhiteFideId "4193423"]
[BlackFideId "1192051"]
[WhiteElo "2421"]
[BlackElo "1783"]
[Result "1-0"]
[Round "04"]
[TimeControl "180+1"]
[Date "2022.03.09"]
[WhiteClock "0:00:51"]
[BlackClock "0:00:03"]

1. g4 d5 2. Bg2 e5 3. d4 e4 4. g5 Be7 5. h4 h6 6. f4 hxg5 7. hxg5 Rxh1 8. Bxh1 Bg4 9. c4 c6 10. Nc3 Na6 11. Qb3 dxc4 12. Qxc4 Be6 13. Qa4 Bb4 14. e3 Bxc3+ 15. bxc3 Qd5 16. Ne2 Ne7 17. Ng3 Bf5 18. Ba3 g6 19. c4 Qe6 20. Rb1 O-O-O 21. Qc2 Nc7 22. Kf2 1-0


[Site "https://www.chess.com"]

[Event "Titled Tuesday Blitz March 08 Early 2022"]
[White "Orlov, Georgi"]
[Black "Tarasova, Viktoriya"]
[WhiteFideId "2011271"]
[BlackFideId "4175840"]
[WhiteElo "2526"]
[BlackElo "2182"]
[Result "1-0"]
[Round "04"]
[TimeControl "180+1"]
[Date "2022.03.09"]
[WhiteClock "0:00:13"]
[BlackClock "0:00:02"]

1. d4 Nf6 2. Nf3 e6 3. g3 b6 4. Bg2 Bb7 5. O-O c5 6. c4 cxd4 7. Qxd4 Be7 8. Rd1 O-O 9. Bf4 Nc6 10. Qe3 d6 11. Nc3 Ng4 12. Qd2 e5 13. Bg5 f6 14. Be3 Nxe3 15. Qxe3 f5 16. Nxe5 Nxe5 17. Bxb7 Rb8 18. Bd5+ Kh8 19. Nb5 f4 20. gxf4 Ng4 21. Qg3 Rf6 22. h3 Nh6 23. Kh2 Rg6 24. Qd3 Bh4 25. Rf1 Qf6 26. Qf3 Rf8 27. e3 Qxb2 28. Nd4 Qa3 29. Rg1 Rgf6 30. Rg2 Nf5 31. Ne6 Re8 32. Qh5 g6 33. Rxg6 Rxg6 34. Qxf5 Reg8 35. Ng5 Rxg5 36. fxg5 Qb2 37. Qf6+ 1-0


[Site "https://www.chess.com"]

[Event "Titled Tuesday Blitz March 08 Early 2022"]
[White "Osmonbekov, Talaibek"]
[Black "Voit, Daria"]
[WhiteFideId "2017253"]
[BlackFideId "4182146"]
[WhiteElo "2135"]
[BlackElo "2323"]
[Result "0-1"]
[Round "04"]
[TimeControl "180+1"]
[Date "2022.03.09"]
[WhiteClock "0:00:03"]
[BlackClock "0:00:08"]

1. Nc3 e5 2. d4 exd4 3. Qxd4 Nc6 4. Qd1 Nf6 5. e4 Bb4 6. Bd3 O-O 7. Ne2 d6 8. O-O Ne5 9. Bb5 a6 10. Ba4 h6 11. Bb3 Bg4 12. f3 Bc5+ 13. Kh1 Be6 14. Bf4 Nc4 15. Rb1 Ne3 16. Bxe3 Bxe3 17. Qd3 Bb6 18. Nd4 Bxb3 19. axb3 Nh5 20. Nf5 Re8 21. Nd5 Ba7 22. Rbd1 Rc8 23. c4 Kh7 24. Qc3 Qg5 25. g4 Nf6 26. Nxf6+ Qxf6 27. Qxf6 gxf6 28. Rd2 Bc5 29. Rfd1 a5 30. Rg2 Ra8 31. Rg3 Rh8 32. Rh3 Kg6 33. Ne7+ Kg7 34. Nf5+ Kg6 35. Rh5 a4 36. Ra1 axb3 37. Rxa8 Rxa8 38. h4 Ra1+ 39. Kg2 Kh7 40. Rxh6+ Kg8 41. Rxf6 Rb1 42. g5 Rxb2+ 43. Kh3 Rd2 44. Nh6+ Kh8 45. Nxf7+ Kg7 46. h5 Bd4 47. h6+ Kg8 48. Rf5 b2 49. Rb5 b6 50. g6 Rd1 51. h7+ Kf8 0-1


[Site "https://www.chess.com"]

[Event "Titled Tuesday Blitz March 08 Early 2022"]
[White "Papasimakopoulos, Alexandros"]
[Black "Daianu, Cristian-Clement"]
[WhiteFideId "4244125"]
[BlackFideId "1208926"]
[WhiteElo "2340"]
[BlackElo "2159"]
[Result "1-0"]
[Round "04"]
[TimeControl "180+1"]
[Date "2022.03.09"]
[WhiteClock "0:01:07"]
[BlackClock "0:00:53"]

1. c4 e5 2. Nc3 Nf6 3. g3 d5 4. cxd5 Nxd5 5. Bg2 Nb6 6. Nf3 Nc6 7. O-O Be7 8. a3 O-O 9. b4 a6 10. Bb2 Nc4 11. Bc1 Be6 12. d3 Nb6 13. Bb2 Qd7 14. Ne4 f6 15. Rc1 Kh8 16. Nc5 Bxc5 17. bxc5 Nd5 18. e4 Nde7 19. d4 exd4 20. Nxd4 Nxd4 21. Qxd4 Qxd4 22. Bxd4 Nc6 23. Be3 Rfe8 24. Rb1 Rab8 25. Rb2 Bc4 26. Rfb1 Bd3 27. Rd1 Bxe4 28. Bxe4 Rxe4 29. Bf4 Re7 30. Rdb1 Na5 31. Bd2 Nc4 32. Rxb7 Rxb7 33. Rxb7 h5 34. Bf4 Nxa3 35. Bxc7 Kh7 36. c6 Nb5 37. Ba5 Re2 38. Rb6 Rc2 39. Rxa6 Kg6 40. h4 Kf5 41. Bd8 Nd4 42. c7 Ne6 43. Ra7 g5 44. hxg5 fxg5 45. Ra8 Rxc7 46. Bxc7 Nxc7 47. Ra5+ Kg6 48. Kg2 Ne6 49. Kf3 Ng7 50. Ke4 h4 51. gxh4 gxh4 52. Kf4 1-0


[Site "https://www.chess.com"]

[Event "Titled Tuesday Blitz March 08 Early 2022"]
[White "Pein, Jonathan"]
[Black "Balaji, Aaravamudhan"]
[WhiteFideId "417092"]
[BlackFideId "436224"]
[WhiteElo "2140"]
[BlackElo "2085"]
[Result "1-0"]
[Round "04"]
[TimeControl "180+1"]
[Date "2022.03.09"]
[WhiteClock "0:00:06"]
[BlackClock "0:00:03"]

1. e4 e6 2. b3 b6 3. Bb2 Bb7 4. Nc3 d5 5. exd5 exd5 6. d4 Nf6 7. Nf3 Bd6 8. Bd3 O-O 9. O-O a6 10. Re1 Nc6 11. h3 Ne7 12. Qd2 Ng6 13. Bf1 Ne4 14. Qd3 Nf4 15. Qe3 Re8 16. Nxe4 Rxe4 17. Qd2 Qf6 18. Ne5 Qg5 19. Qc3 c5 20. Rxe4 dxe4 21. Qg3 Qxg3 22. fxg3 Ne6 23. dxc5 Bxc5+ 24. Kh2 Bd4 25. Bxd4 Nxd4 26. Bc4 g6 27. Nxf7 Kg7 28. Rd1 b5 29. Rxd4 bxc4 30. Rd7 Bc8 31. Rc7 Kf6 32. Nd6 Bf5 33. g4 e3 34. Nxf5 gxf5 35. Rc6+ Ke5 36. Rc5+ Kd4 37. Rxc4+ Kd5 38. Rc3 Re8 39. Rd3+ Kc5 40. Rd1 e2 41. Re1 f4 42. Kg1 Kd4 43. Kf2 Rc8 44. Rxe2 a5 45. Kf3 Rf8 46. Re4+ Kc3 47. Rc4+ Kb2 48. Rxf4 Re8 49. Ra4 Re5 50. c4 Rc5 51. Kg3 Kc3 52. Kh4 Kd4 53. g5 Ke4 54. g4 Kf4 55. a3 Rxg5 56. b4 Rg6 57. Rxa5 Re6 58. Rf5+ Ke4 59. b5 Kd4 60. Rf4+ Ke3 61. Rf5 Ke4 62. Rh5 h6 63. c5 Kf4 64. c6 Re1 65. Rf5+ Ke4 66. Rc5 Rb1 67. c7 1-0


[Site "https://www.chess.com"]

[Event "Titled Tuesday Blitz March 08 Early 2022"]
[White "Perez Gormaz, Matias"]
[Black "Havanecz, Bianka"]
[WhiteFideId "3406342"]
[BlackFideId "704814"]
[WhiteElo "2327"]
[BlackElo "2378"]
[Result "1/2-1/2"]
[Round "04"]
[TimeControl "180+1"]
[Date "2022.03.09"]
[WhiteClock "0:00:02"]
[BlackClock "0:00:15"]

1. e4 c6 2. Nf3 d5 3. Nc3 Bg4 4. h3 Bxf3 5. Qxf3 e6 6. Be2 Nf6 7. O-O Be7 8. Rd1 O-O 9. d4 a5 10. a4 Na6 11. Bf4 Nb4 12. Rac1 Nd7 13. Qg3 Kh8 14. Re1 Bh4 15. Qe3 Re8 16. e5 f6 17. Nd1 fxe5 18. dxe5 Be7 19. c3 Na6 20. Bd3 Nac5 21. Bc2 Nf8 22. Ra1 b5 23. axb5 cxb5 24. g3 b4 25. h4 bxc3 26. Qxc3 Qb6 27. Be3 Rec8 28. Qd2 Qb5 29. Nc3 Qa6 30. Bd4 Qb7 31. Reb1 Nb3 32. Bxb3 Qxb3 33. h5 h6 34. Qd1 Qxd1+ 35. Rxd1 Bb4 36. Ne2 Rc2 37. Nf4 Rac8 38. Kg2 Kg8 39. Kf3 Kf7 40. Rd3 Nd7 41. Rdd1 Rd2 42. Rxd2 Bxd2 43. Nd3 Rc2 44. Rd1 Bb4 45. Nxb4 axb4 46. Re1 Nc5 47. Re2 Rxe2 48. Kxe2 Nb3 49. Be3 Ke7 50. Kd3 Na5 51. f4 b3 52. Bd2 Nc4 53. Bc3 Kf7 54. g4 g6 55. Bd4 gxh5 56. gxh5 Ke7 57. Kc3 Kd7 58. Kxb3 Nd2+ 59. Kc3 Ne4+ 60. Kd3 Ng3 61. Be3 Nxh5 62. b4 Ng7 63. Bf2 Kc6 64. Ke2 Nf5 65. Kf3 Kb5 66. Kg4 Kxb4 67. Kh5 Kc4 68. Kg6 Kd3 69. Kf6 Ke4 70. Kxe6 Kxf4 71. Kxd5 h5 72. e6 Kg5 73. Kc6 Kf6 74. Kd7 Ke5 75. Be1 Kf6 76. Bh4+ Ke5 77. Be1 Kf6 78. Bc3+ Kg6 79. Be1 Kf6 1/2-1/2


[Site "https://www.chess.com"]

[Event "Titled Tuesday Blitz March 08 Early 2022"]
[White "Petrova, Irina"]
[Black "Istvanovszki, Martin"]
[WhiteFideId "14124122"]
[BlackFideId "726958"]
[WhiteElo "1993"]
[BlackElo "2345"]
[Result "0-1"]
[Round "04"]
[TimeControl "180+1"]
[Date "2022.03.09"]
[WhiteClock "0:00:07"]
[BlackClock "0:00:32"]

1. e4 c5 2. Nf3 d6 3. Bb5+ Bd7 4. Bxd7+ Qxd7 5. c4 g6 6. Nc3 Bg7 7. d4 cxd4 8. Nxd4 Nc6 9. Be3 Nf6 10. f3 O-O 11. O-O Rfc8 12. b3 Qd8 13. Rc1 Qa5 14. Qd3 a6 15. Kh1 Rab8 16. a4 Ne5 17. Qb1 e6 18. f4 Nfg4 19. Bg1 Nc6 20. Nxc6 bxc6 21. Qc2 Qh5 22. Ne2 f5 23. Ng3 Qh6 24. exf5 gxf5 25. Rfe1 Re8 26. Rf1 Bd4 27. h3 Be3 28. Rce1 Bxf4 29. Ne2 Be5 30. Qd3 Nf6 31. Ba7 Rb7 32. Bf2 Ne4 33. Nc1 c5 34. Qf3 Qg6 35. Nd3 Rxb3 36. Rb1 Reb8 37. Rxb3 Rxb3 38. Nxe5 Rxf3 39. Nxg6 Rxf2 40. Ne7+ Kf7 41. Rd1 Kxe7 0-1


[Site "https://www.chess.com"]

[Event "Titled Tuesday Blitz March 08 Early 2022"]
[White "Petrovic, Aleksa"]
[Black "Clawitter, Craig"]
[WhiteFideId "967629"]
[BlackFideId "2023105"]
[WhiteElo "2245"]
[BlackElo "2266"]
[Result "1/2-1/2"]
[Round "04"]
[TimeControl "180+1"]
[Date "2022.03.09"]
[WhiteClock "0:00:02"]
[BlackClock "0:00:04"]

1. e4 e6 2. d4 d5 3. Nd2 Be7 4. Ngf3 Nf6 5. Bd3 c5 6. exd5 exd5 7. dxc5 O-O 8. h3 a5 9. a4 Na6 10. Bxa6 Rxa6 11. Nb3 Ne4 12. Be3 Rg6 13. g4 Re8 14. Ne5 Re6 15. Nd3 Nxf2 16. Kxf2 Bh4+ 17. Kg2 Rxe3 18. Nd4 Qf6 19. c3 Rxd3 20. Qc2 Rg3+ 21. Kh2 Bxg4 22. Rhe1 Rxe1 23. Rxe1 g6 24. Re8+ Kg7 25. hxg4 Qf4 26. Ne2 Rg2+ 27. Kxg2 Qf2+ 28. Kh3 Qf3+ 29. Kh2 Qf2+ 30. Kh3 Qf3+ 31. Kh2 Qf2+ 32. Kh3 1/2-1/2


[Site "https://www.chess.com"]

[Event "Titled Tuesday Blitz March 08 Early 2022"]
[White "Piliczewski, Bogusz"]
[Black "Kuderinov, Kirill"]
[WhiteFideId "1104144"]
[BlackFideId "13701568"]
[WhiteElo "1896"]
[BlackElo "2432"]
[Result "0-1"]
[Round "04"]
[TimeControl "180+1"]
[Date "2022.03.09"]
[WhiteClock "0:00:02"]
[BlackClock "0:00:30"]

1. d4 Nf6 2. Nf3 g6 3. Bf4 Bg7 4. e3 O-O 5. h3 d6 6. Be2 b6 7. O-O Bb7 8. Nbd2 Nbd7 9. c3 c5 10. Bh2 Re8 11. a4 e5 12. Nc4 Ne4 13. dxe5 Nxe5 14. Nfxe5 dxe5 15. Bf3 Qe7 16. Qc2 f5 17. Rad1 Rad8 18. Rxd8 Rxd8 19. Rd1 Rxd1+ 20. Qxd1 h6 21. Bxe4 Bxe4 22. Nd6 Bc6 23. Nb5 a6 24. Qd6 Qxd6 25. Nxd6 Bxa4 26. Nc4 b5 27. Nxe5 b4 28. Nd3 bxc3 29. bxc3 Bxc3 30. Nxc5 Bb5 31. Nb3 a5 32. Bd6 a4 33. Nc1 Bb2 34. Na2 Bc4 35. Nb4 a3 36. Nc2 a2 37. f4 Bb3 38. Ba3 Bxa3 39. Na1 Ba4 40. Kf2 Bb2 0-1


[Site "https://www.chess.com"]

[Event "Titled Tuesday Blitz March 08 Early 2022"]
[White "Plotnikov, Pavel"]
[Black "Vianello, Enrico"]
[WhiteFideId "4170342"]
[BlackFideId "810738"]
[WhiteElo "2298"]
[BlackElo "2318"]
[Result "1-0"]
[Round "04"]
[TimeControl "180+1"]
[Date "2022.03.09"]
[WhiteClock "0:01:23"]
[BlackClock "0:00:10"]

1. e4 d6 2. d4 Nf6 3. Nc3 e5 4. Nf3 Nbd7 5. Bc4 Be7 6. a4 O-O 7. a5 c6 8. O-O Rb8 9. Be3 b5 10. axb6 axb6 11. d5 b5 12. Be2 b4 13. dxc6 Nc5 14. Nd5 Nxd5 15. exd5 f5 16. Bxc5 dxc5 17. Nxe5 f4 18. Nc4 Bd6 19. Bf3 Bf5 20. Re1 Rf6 21. Ra7 Qf8 22. Bg4 Bg6 23. Re6 Rxe6 24. Bxe6+ Kh8 25. Rd7 Be7 26. c7 Rc8 27. d6 Bf6 28. Nb6 1-0


[Site "https://www.chess.com"]

[Event "Titled Tuesday Blitz March 08 Early 2022"]
[White "Popadic, Dragan"]
[Black "Goryachkina, Aleksandra"]
[WhiteFideId "913650"]
[BlackFideId "4147103"]
[WhiteElo "2222"]
[BlackElo "2426"]
[Result "1-0"]
[Round "04"]
[TimeControl "180+1"]
[Date "2022.03.09"]
[WhiteClock "0:00:04"]
[BlackClock "0:00:02"]

1. e4 c5 2. Nc3 Nc6 3. f4 g6 4. Nf3 Bg7 5. Bc4 e6 6. f5 gxf5 7. d3 Nge7 8. O-O d6 9. Qe1 Nd4 10. Nxd4 cxd4 11. Ne2 d5 12. exd5 Nxd5 13. Qg3 Bf6 14. Nf4 Nxf4 15. Bxf4 Bd7 16. Bc7 Qc8 17. Rae1 Be7 18. Be5 Rf8 19. Qg7 Qc6 20. Bf6 Bxf6 21. Qxf6 Rg8 22. Re2 Qc5 23. Rxf5 Qe7 24. Qxd4 O-O-O 25. Rff2 Bc6 26. Qf4 Rg7 27. Qf6 Qxf6 28. Rxf6 Rdg8 29. g3 Kd7 30. Rh6 Ke7 31. Kf2 b5 32. Bb3 a5 33. c3 a4 34. Bc2 f6 35. a3 Rg6 36. Rxh7+ R6g7 37. Rxg7+ Rxg7 38. d4 Bd5 39. h4 Bc4 40. Re3 Kd6 41. Bd1 f5 42. Bf3 Rg8 43. Re5 Rg7 44. Re3 Rg8 45. Be2 Rg7 46. Bxc4 bxc4 47. Re2 Rb7 48. Kf3 Rb5 49. Kf4 Rb8 50. h5 Rg8 51. Rh2 Rg4+ 52. Kf3 Ke7 53. h6 Rg8 54. h7 Rh8 55. Kf4 Kf6 56. Rh6+ Kg7 57. Rxe6 Rxh7 58. Re7+ 1-0


[Site "https://www.chess.com"]

[Event "Titled Tuesday Blitz March 08 Early 2022"]
[White "Prohorov, Olexandr"]
[Black "Iljin, Timofey"]
[WhiteFideId "14105578"]
[BlackFideId "14110180"]
[WhiteElo "1993"]
[BlackElo "2396"]
[Result "1/2-1/2"]
[Round "04"]
[TimeControl "180+1"]
[Date "2022.03.09"]
[WhiteClock "0:00:51"]
[BlackClock "0:00:42"]

1. Nf3 f5 2. e4 d6 3. Nc3 Nf6 4. exf5 Bxf5 5. d4 g6 6. Bg5 Bg7 7. Bc4 e6 8. O-O O-O 9. h3 h6 10. Bh4 Nc6 11. Re1 d5 12. Bb5 g5 13. Bg3 Ne4 14. Bxc6 bxc6 15. Ne5 Bxe5 16. Bxe5 Nxf2 17. Qh5 Kh7 18. Rf1 Ne4 19. Nxe4 dxe4 20. Rf2 Bg6 21. Qg4 Rxf2 22. Kxf2 Qf8+ 23. Kg1 Qf5 24. Qg3 Rf8 25. Bxc7 h5 26. Bd6 Rf7 27. Re1 h4 28. Qe3 1/2-1/2


[Site "https://www.chess.com"]

[Event "Titled Tuesday Blitz March 08 Early 2022"]
[White "Proudian, Armen"]
[Black "Izoria, Zviad"]
[WhiteFideId "2130734"]
[BlackFideId "13601733"]
[WhiteElo "2380"]
[BlackElo "2626"]
[Result "1-0"]
[Round "04"]
[TimeControl "180+1"]
[Date "2022.03.08"]
[WhiteClock "0:00:18"]
[BlackClock "0:00:02"]

1. e4 c5 2. Nf3 a6 3. c3 e6 4. d4 d5 5. exd5 exd5 6. Bd3 c4 7. Bc2 Bd6 8. O-O Ne7 9. Re1 O-O 10. Nbd2 Nbc6 11. Nf1 Bf5 12. Bg5 Bxc2 13. Qxc2 f6 14. Bh4 Qd7 15. Re2 Qf5 16. Bg3 Qxc2 17. Rxc2 Bxg3 18. Nxg3 b5 19. Re1 Kf7 20. Rce2 g6 21. Re6 Rac8 22. Rd6 Rfd8 23. Rxd8 Rxd8 24. Ne2 a5 25. a3 b4 26. axb4 axb4 27. Ra1 Rb8 28. Nf4 g5 29. Ne2 Rb6 30. Kf1 Nf5 31. Nd2 h5 32. g3 Nd6 33. f3 Ke6 34. Kf2 bxc3 35. bxc3 Rb2 36. Ke1 Nb5 37. Ra6 Kd7 38. h4 gxh4 39. gxh4 Rc2 40. Kd1 Rxc3 41. Nxc3 Nxc3+ 42. Ke1 Nb5 43. Ra8 Nbxd4 44. Rh8 c3 45. Nf1 Nxf3+ 46. Kd1 d4 47. Rxh5 Kd6 48. Rf5 Nce5 49. h5 Ke6 50. Rf4 d3 51. Ne3 1-0


[Site "https://www.chess.com"]